 Dungeon Sprint DCSS version 0.21.1-1-g345015f (webtiles) character file.

8500000 Fang the Axe Maniac (level 27, -9/273 HPs)
             Began as a Minotaur Gladiator on May 3, 2018.
             Was the Champion of Makhleb.
             Mangled by a meat berserker
             ... wielding a +9 battleaxe
              (51 damage)
             ... in the Dungeon (Sprint VIII: "Arena of Blood").
             The game lasted 00:01:46 (85 turns).

Fang the Axe Maniac (Minotaur Gladiator)              Turns: 85, Time: 00:01:48

Health: -9/273     AC:  6    Str: 30    XL:     27
Magic:  33/53      EV: 30    Int:  5    God:    Makhleb [******]
Gold:   0          SH:  0    Dex: 14    Spells: 80/80 levels left

rFire    . . .     SeeInvis .   l - +∞ Axe of Woe
rCold    . . .     Gourm    .   (shield currently unavailable)
rNeg     . . .     Faith    .   b - +0 leather armour
rPois    .         Spirit   .   c - +0 hat
rElec    .         Reflect  .   (no cloak)
rCorr    .         Harm     .   (no gloves)
MR       ++...     NoTele   +   (no boots)
Stlth    +++++++++.             (no amulet)
HPRegen  0.55/turn              (no ring)
MPRegen  0.33/turn              (no ring)

@: drained
A: retaliatory headbutt, horns 2
a: Minor Destruction, Lesser Servant of Makhleb, Major Destruction, Greater
Servant of Makhleb, Renounce Religion


You were in the Dungeon.
You worshipped Makhleb.
Makhleb was exalted by your worship.
You were not hungry.

You visited 1 branch

Inventory:

Hand Weapons
 a - a +0 war axe
 l - the +∞ Axe of Woe (weapon)
   (You found it in the Dungeon)
Missiles
 d - 3 throwing nets (quivered)
Armour
 b - a +0 leather armour (worn)
 c - a +0 hat (worn)
Scrolls
 k - a scroll of blinking
Potions
 e - a potion of curing
 g - a potion of heal wounds
 h - a potion of haste
 i - 2 potions of magic
 j - a potion of berserk rage
Comestibles
 f - a ration


   Skills:
 O Level 27(25.5) Fighting
 O Level 27(25.5) Axes
 O Level 27(25.5) Throwing
 O Level 27(25.5) Armour
 O Level 27(25.5) Dodging
 O Level 27(25.5) Stealth
 O Level 27(25.5) Unarmed Combat
 O Level 27(25.5) Spellcasting
 O Level 27(25.5) Invocations


You had 80 spell levels left.
You didn't know any spells.

Dungeon Overview and Level Annotations

Branches:
Dungeon (1/1)

Altars:
Makhleb


Innate Abilities, Weirdness & Mutations

You reflexively headbutt those who attack you in melee.
You have a pair of horns on your head.


Message History

The meat berserker hits you with a +9 battleaxe!!!
A bolt of negative energy appears from out of thin air!
Deactivating autopickup; reactivate with Ctrl-A.
The bolt of negative energy hits you!
You feel drained.
You hear a shout!
A meat berserker comes into view. It is wielding a +9 battleaxe.
You are too injured to fight recklessly!
Unknown command.
You are too injured to fight recklessly!
Unknown command.
You are too injured to fight recklessly!
Unknown command.
You are too injured to fight recklessly!
A meat beast comes into view.
You hear a shout!
The meat berserker hits you with a +9 battleaxe!!!
* * * LOW HITPOINT WARNING * * *
You hear a shout! x3
The meat berserker hits you with a +9 battleaxe!!!
You die...

..... ..
......#...o....#... .#
.........#.... #... ..#
......#..O...###... ..###
#............o...###.....
#......W#........_......
#....%#.%.....#.....#
###..........#_.<._#
..##....#@O..)))#)....#.
#.......O#..)o)).._......
#...%..))))))))).###.....
.........))))###...o...###
.........)))...#.......#
........%))....#..oO...#
......#........%........
...%.#.#.#.%..%.........
......#.#.......%.......


You could see a dread, 3 meat berserkers and 3 bags of meat.

Vanquished Creatures
  6 hell beasts (D)
  2 greater mummies (D)
  A wraith (D)
  11 vampire knights (D)
  30 ogres (D)
  5 two-headed ogres (D)
  A lich (D)
  57 orcs (D)
  A skeletal warrior (D)
  11 large abominations (D)
  6 small abominations (D)
  5 crawling corpses (D)
136 creatures vanquished.

Vanquished Creatures (others)
  A crawling corpse (D)
1 creature vanquished.

Grand Total: 137 creatures vanquished

Notes
Turn   | Place    | Note
-------+----------+-------------------------------------------
     0 | D        | Found the +∞ Axe of Woe
     0 | D        | Fang the Minotaur Gladiator began the quest for the Orb.
     0 | D        | Reached XP level 1. HP: 18/18 MP: 0/0
     3 | D        | Noticed a meat berserker
     4 | D        | Became a worshipper of Makhleb the Destroyer
     5 | D        | Killed a meat berserker
     5 | D        | Reached XP level 2. HP: 45/45 MP: 1/1
     5 | D        | Reached XP level 3. HP: 51/51 MP: 2/2
     5 | D        | Reached XP level 4. HP: 59/59 MP: 3/3
     5 | D        | Reached XP level 5. HP: 66/66 MP: 4/4
     5 | D        | Reached XP level 6. HP: 73/73 MP: 5/5
     5 | D        | Reached XP level 7. HP: 80/80 MP: 6/6
     5 | D        | Reached XP level 8. HP: 88/88 MP: 7/7
     5 | D        | Reached XP level 9. HP: 94/94 MP: 8/8
     5 | D        | Reached XP level 10. HP: 102/102 MP: 9/9
     5 | D        | Reached XP level 11. HP: 108/108 MP: 10/10
     5 | D        | Reached XP level 12. HP: 116/116 MP: 11/11
     5 | D        | Reached XP level 13. HP: 123/123 MP: 12/12
     6 | D        | Noticed a bag of meat
     6 | D        | Noticed a bag of meat
     6 | D        | Noticed a bag of meat
     7 | D        | Noticed a bag of meat
     7 | D        | Noticed a bag of meat
     7 | D        | Noticed a meat berserker
     7 | D        | Noticed a bag of meat
     7 | D        | Noticed a bag of meat
     7 | D        | Noticed a bag of meat
     8 | D        | Noticed a bag of meat
     8 | D        | Killed a bag of meat
     8 | D        | Reached * piety under Makhleb
     8 | D        | Reached skill level 15 in Fighting
     8 | D        | Killed a bag of meat
     8 | D        | Reached skill level 27 in Axes
     8 | D        | Reached XP level 14. HP: 129/137 MP: 13/13
     9 | D        | Noticed a bag of meat
     9 | D        | Noticed a bag of meat
    10 | D        | Noticed a bag of meat
    10 | D        | Killed a bag of meat
    10 | D        | Reached skill level 1 in Armour
    11 | D        | Noticed a meat berserker
    11 | D        | Killed a bag of meat
    11 | D        | Reached ** piety under Makhleb
    11 | D        | Reached skill level 27 in Dodging
    11 | D        | Reached XP level 15. HP: 155/155 MP: 14/14
    12 | D        | Noticed a meat berserker
    12 | D        | Noticed a meat berserker
    12 | D        | Killed a meat berserker
    12 | D        | Reached XP level 16. HP: 182/182 MP: 15/15
    12 | D        | Reached skill level 27 in Fighting
    13 | D        | Noticed a meat berserker
    13 | D        | Noticed a meat berserker
    13 | D        | Killed a meat berserker
    13 | D        | Reached *** piety under Makhleb
    13 | D        | Reached skill level 27 in Throwing
    13 | D        | Reached XP level 17. HP: 191/191 MP: 16/16
    14 | D        | Killed a meat berserker
    14 | D        | Reached **** piety under Makhleb
    14 | D        | Reached skill level 27 in Armour
    14 | D        | Reached skill level 10 in Unarmed Combat
    14 | D        | Reached skill level 10 in Invocations
    14 | D        | Reached XP level 18. HP: 200/200 MP: 16/27
    15 | D        | Noticed a meat berserker
    15 | D        | Noticed a meat berserker
    16 | D        | Noticed a meat berserker
    16 | D        | Killed a meat berserker
    16 | D        | Reached skill level 15 in Unarmed Combat
    16 | D        | Reached skill level 10 in Spellcasting
    17 | D        | Killed a meat berserker
    17 | D        | Reached skill level 15 in Stealth
    17 | D        | Reached XP level 19. HP: 207/207 MP: 16/34
    17 | D        | Reached ***** piety under Makhleb
    17 | D        | Killed a meat berserker
    17 | D        | Reached skill level 15 in Spellcasting
    18 | D        | Noticed a meat berserker
    19 | D        | Killed a meat berserker
    19 | D        | Reached XP level 20. HP: 216/216 MP: 16/38
    19 | D        | Killed a meat berserker
    19 | D        | Reached skill level 27 in Stealth
    21 | D        | Reached ****** piety under Makhleb
    21 | D        | Reached XP level 21. HP: 224/224 MP: 17/42
    22 | D        | Reached skill level 27 in Unarmed Combat
    23 | D        | Reached skill level 27 in Invocations
    24 | D        | Reached skill level 27 in Spellcasting
    24 | D        | Reached XP level 22. HP: 233/233 MP: 17/52
    25 | D        | Noticed a large bag of meat
    30 | D        | Reached XP level 23. HP: 240/240 MP: 19/53
    32 | D        | Noticed a destroyer
    33 | D        | Killed a large bag of meat
    34 | D        | Reached XP level 24. HP: 210/249 MP: 20/53
    36 | D        | Noticed a destroyer
    36 | D        | Killed a destroyer
    38 | D        | Noticed a destroyer
    39 | D        | Reached XP level 25. HP: 257/257 MP: 21/53
    40 | D        | Killed a destroyer
    41 | D        | Noticed a destroyer
    41 | D        | Reached XP level 26. HP: 266/266 MP: 22/53
    44 | D        | Noticed a large bag of meat
    45 | D        | Noticed a destroyer
    45 | D        | Reached XP level 27. HP: 273/273 MP: 23/53
    45 | D        | Noticed a destroyer
    47 | D        | Noticed a destroyer
    47 | D        | Noticed a large bag of meat
    48 | D        | Noticed a destroyer
    48 | D        | Noticed a large bag of meat
    48 | D        | Killed a destroyer
    49 | D        | Killed a destroyer
    50 | D        | Noticed a tyrant
    52 | D        | Noticed an accursed
    52 | D        | Killed a destroyer
    52 | D        | Killed a large bag of meat
    53 | D        | Noticed a destroyer
    53 | D        | Noticed a large bag of meat
    53 | D        | Killed a tyrant
    54 | D        | Killed a destroyer
    55 | D        | Killed a destroyer
    55 | D        | Noticed a destroyer
    56 | D        | Killed a destroyer
    57 | D        | Noticed an accursed
    57 | D        | Killed a large bag of meat
    58 | D        | Killed a destroyer
    59 | D        | Killed a large bag of meat
    60 | D        | Noticed a destroyer
    61 | D        | Killed a destroyer
    62 | D        | Killed a large bag of meat
    68 | D        | Killed an accursed
    69 | D        | Killed a destroyer
    70 | D        | Noticed a dread
    72 | D        | Noticed a meat beast
    73 | D        | Noticed a meat beast
    74 | D        | Noticed a meat beast
    75 | D        | Noticed a meat beast
    75 | D        | Killed an accursed
    75 | D        | Killed a meat beast
    77 | D        | Noticed a meat beast
    77 | D        | Killed a meat beast
    79 | D        | Killed a meat beast
    79 | D        | Killed a meat beast
    80 | D        | Noticed a meat beast
    81 | D        | Noticed a dread
    81 | D        | Killed a meat beast
    83 | D        | Killed a meat beast
    83 | D        | Killed a dread
    85 | D        | Noticed a meat beast
    85 | D        | Mangled by a meat berserker

Skill      XL: |  1  2  3  4  5  6  7  8  9 10 11 12 13 14 15 16 17 18 19 20 21 |
---------------+----------------------------------------------------------------+-----
Fighting       | 13 16 19 26 27 | 27.0
Axes           | 23 27 | 27.0
Throwing       | 11 13 16 21 27 | 27.0
Dodging        | 21 24 27 | 27.0
Armour         | 2 6 17 27 | 27.0
Stealth        | 9 15 24 27 | 27.0
Unarmed Combat | 10 18 22 26 27 | 27.0
Spellcasting   | 7 12 15 18 27 | 27.0
Invocations    | 10 16 21 24 27 | 27.0

Action                   |  1- 3 |  4- 6 |  7- 9 | 10-12 | 13-15 | 16-18 | 19-21 | 22-24 | 25-27 || total
-------------------------+-------+-------+-------+-------+-------+-------+-------+-------+-------++-------
Melee: Executioner's axe |     1 |       |       |       |     4 |     4 |     6 |    11 |    37 ||    63
Armor: Leather armour    |       |       |       |       |       |       |       |       |     3 ||     3
Dodge: Dodged            |       |       |       |       |       |       |       |       |     7 ||     7
